 Dungeon Crawl Stone Soup version 0.25-a0-290-g4a1327ee3a (webtiles) character file.

Game seed: 386131474199046735, levelgen mode: deterministic

4 MisterFreud the Skirmisher (level 1, 0/20 HPs)
             Began as a Hill Orc Abyssal Knight on Dec 13, 2019.
             Was an Initiate of Lugonu.
             Slain by a kobold
             ... wielding a +0 dagger
              (2 damage)
             ... on level 1 of the Dungeon.
             The game lasted 00:00:54 (208 turns).

MisterFreud the Skirmisher (Hill Orc Abyssal Knight) Turns: 208, Time: 00:00:54

Health: 0/20       AC:  3    Str: 14    XL:     1   Next: 60%
Magic:  2/2        EV: 11    Int: 12    God:    Lugonu [......]
Gold:   10         SH:  0    Dex: 10    Spells: 0/0 levels left

rFire    . . .     SeeInvis .   a - +1 hand axe
rCold    . . .     Gourm    .   (no shield)
rNeg     + . .     Faith    .   b - +0 leather armour
rPois    .         Spirit   .   (no helmet)
rElec    .         Reflect  .   (no cloak)
rCorr    .         Harm     .   (no gloves)
MR       .....                  (no boots)
Stlth    +.........             (no amulet)
HPRegen  0.06/turn              d - ring of positive energy
MPRegen  0.08/turn              (no ring)

@: no status effects
A: no striking features
a: Renounce Religion


You were on level 1 of the Dungeon.
You worshipped Lugonu.
Lugonu was noncommittal.
You were not hungry.

You visited 1 branch of the dungeon, and saw 1 of its levels.
You visited the Abyss 1 time.

You collected 10 gold pieces.

Inventory:

Hand Weapons
 a - a +1 hand axe (weapon)
 j - a +0 hand crossbow
Armour
 b - a +0 leather armour (worn)
Jewellery
 d - a ring of positive energy (left hand)
Scrolls
 f - a scroll of silence {unknown}
 g - a scroll of teleportation {unknown}
 i - a scroll of fog {unknown}
Potions
 e - a potion of haste {unknown}
 h - a potion of might {unknown}
Comestibles
 c - 2 rations


   Skills:
 + Level 4.0 Fighting
 - Level 2.6 Axes
 - Level 2.1 Armour
 - Level 0.7 Dodging
 - Level 2.4 Invocations


You couldn't memorise any spells.
You didn't know any spells.
Your spell library was empty.

Dungeon Overview and Level Annotations

Branches:
Dungeon (1/15)

Altars:


Message History

Lugonu accepts your kill.
Your Fighting skill increases to level 4!
You closely miss the kobold. The kobold hits you with a +0 dagger.
The rat barely misses you.
You barely miss the rat. You hit the kobold but do no damage.
The kobold hits you with a +0 dagger.
* * * LOW HITPOINT WARNING * * *
The rat bites you.
* * * LOW HITPOINT WARNING * * *
You hit the kobold.
The kobold is severely wounded.
You hit the rat. The kobold hits you but does no damage.
The rat closely misses you.
You see here a stone.
You aren't carrying any items that you can evoke.
Unknown command.
Your leather armour prevents you from hitting the kobold.
The kobold is severely wounded.
The kobold hits you with a +0 dagger.
You die...

..# #.# .r# #K# #$
###(. ###.#.#.#
........#############
.......†.†)rK@.......
##..####..#####..####
...................
.....#####'#####....
..## ####.#### ##.
#.......###
#...........##
#....#####....##
...#########...#


You could see a kobold and a rat.

Vanquished Creatures
  A dart slug (D:1)
  A frilled lizard (D:1)
  A kobold (D:1)
3 creatures vanquished.

Notes
Turn   | Place    | Note
-------+----------+-------------------------------------------
     0 | Abyss:1  | MisterFreud the Hill Orc Abyssal Knight began the quest for
                  | the Orb.
     0 | Abyss:1  | Reached XP level 1. HP: 19/19 MP: 2/2
    76 | Abyss:2  | Found a corrupted altar of Lugonu.
   120 | Abyss:2  | Noticed a large abomination
   121 | Abyss:2  | Noticed a tentacled starspawn
   123 | Abyss:2  | Noticed a starcursed mass
   124 | D:1      | Escaped the Abyss
   202 | D:1      | Reached skill level 4 in Fighting
   208 | D:1      | Slain by a kobold

Levels and vault maps discovered:
D:1:      dpeg_arrival_concentric_ovals, layout_basic, minmay_heptomino_h4

Skill      XL: |  1 |
---------------+----+-----
Fighting       | 4 |  4.0
Axes           | |  2.6
Armour         | |  2.1
Dodging        | |  0.7
Invocations    | |  2.4

Action                   || total
-------------------------++-------
Melee: Hand axe          ||    15
Invok: Depart the Abyss  ||     1
Armor: Leather armour    ||     5
Dodge: Dodged            ||     9

Table legend:
 A = Non-vault XP
 B = Vault XP
 C = Vault XP percentage of total XP
 D = Non-vault monster count
 E = Vault monster count
 F = Vault count percentage of total count
                 A         B        C        D         E       F
            +---------+---------+-------+---------+---------+-------
      Total |       4 |       2 |  33.3 |       1 |       2 |  66.7
            +---------+---------+-------+---------+---------+-------
        D:1 |       4 |       2 |  33.3 |       1 |       2 |  66.7
            +---------+---------+-------+---------+---------+-------
